 Dungeon Crawl Stone Soup version 0.22-a0-608-g8a62e23 (webtiles) character file.

50 Mamutox the Skirmisher (level 3, 0/29 HPs)
             Began as a Demonspawn Monk on July 9, 2018.
             Succumbed to an adder's poison
             ... on level 2 of the Dungeon.
             The game lasted 00:04:06 (1171 turns).

Mamutox the Skirmisher (Demonspawn Monk)            Turns: 1171, Time: 00:04:07

Health: 0/29       AC: 11    Str: 12    XL:     3   Next: 55%
Magic:  3/3        EV:  6    Int: 11    God:
Gold:   51         SH:  0    Dex: 15    Spells: 2/2 levels left

rFire    . . .     SeeInvis .   f - +0 spear (curse)
rCold    . . .     Gourm    .   (no shield)
rNeg     . . .     Faith    .   g - +0 chain mail
rPois    .         Spirit   .   (no helmet)
rElec    .         Reflect  .   (no cloak)
rCorr    .         Harm     .   (no gloves)
MR       .....                  d - +0 pair of boots
Stlth    ..........             (no amulet)
HPRegen  0.09/turn              (no ring)
MPRegen  0.08/turn              (no ring)

@: lethally poisoned (0 -> -4)
A: hooves 1, slimy green scales 1
a: no special abilities


You were on level 2 of the Dungeon.
You were not hungry.

You visited 1 branch of the dungeon, and saw 2 of its levels.

You collected 51 gold pieces.

Inventory:

Hand Weapons
 a - a +0 hand axe
 f - a cursed +0 spear (weapon)
Armour
 b - a +0 robe
 d - a +0 pair of boots (worn)
 g - a +0 chain mail (worn)
Scrolls
 i - a scroll of enchant armour {unknown}
Comestibles
 c - 3 rations
 h - 3 chunks of flesh


   Skills:
 + Level 3.6 Fighting
 + Level 3.2 Axes
 + Level 1.5 Armour
 - Level 2.6 Dodging
 - Level 1.7 Stealth


You had 2 spell levels left.
You didn't know any spells.
Your spell library was empty.

Dungeon Overview and Level Annotations

Branches:
Dungeon (2/15)

Altars:

Annotations:
D:2 Terence


Innate Abilities, Weirdness & Mutations

You have large cloven feet.
You are partially covered in slimy green scales. (AC +2)


Message History

The giant cockroach barely misses you. The adder bites you but does no damage.
Your chain mail prevents you from hitting the adder.
The adder is heavily wounded.
The adder bites you but does no damage.
The giant cockroach bites you but does no damage.
You closely miss the adder.
The adder is heavily wounded.
* * * LOW HITPOINT WARNING * * *
You feel sick. The adder barely misses you.
The giant cockroach bites you but does no damage.
The adder bites you.
* * * LOW HITPOINT WARNING * * *
The giant cockroach bites you but does no damage.
You hit the adder.
You kill the adder!
The giant cockroach bites you.
* * * LOW HITPOINT WARNING * * *
You hit Terence but do no damage.
Terence is moderately wounded.
You die...

#######.# #....##.#########
....>...........##
#....#..###......#
##.#.#...........##
##.#....###.......#
#.......# #.....#.#
#....#..###.....#s#######..
#...............@@.........
#....#.####.....##.######..
###########.######.#
#...######.##
#########...........#
#.......#...#####.#s## ...#
#...........# #.#..# .....#
#...........#####.##[#
.....#
#..................#.##
.....#


You could see Terence and a giant cockroach.

Vanquished Creatures
  An adder (D:2)
  An ooze (D:1)
  3 leopard geckos
  5 bats
  6 goblins (D:1)
  4 hobgoblins
  5 jackals
  3 kobolds
  A frilled lizard (D:1)
  2 rats
31 creatures vanquished.

Notes
Turn   | Place    | Note
-------+----------+-------------------------------------------
     0 | D:1      | Mamutox the Demonspawn Monk began the quest for the Orb.
     0 | D:1      | Reached XP level 1. HP: 18/18 MP: 1/1
   350 | D:1      | Gained mutation: You have large cloven feet. [demonic ancestry]
   350 | D:1      | Reached XP level 2. HP: 22/24 MP: 2/2
   387 | D:1      | Reached skill level 1 in Armour
   497 | D:1      | Gained mutation: You are partially covered in slimy green scales. (AC +2) [demonic ancestry]
   497 | D:1      | Reached XP level 3. HP: 15/29 MP: 3/3
  1090 | D:2      | Noticed Terence
  1170 | D:2      | HP: 1/29 [giant cockroach (2)]
  1171 | D:2      | Succumbed to an adder's poison

Vault maps used:
D:1:      dpeg_arrival_arbitrary_b
D:2:      uniq_terence, uniq_sigmund

Skill      XL: |  1  2 |
---------------+-------+-----
Armour         | 1 |  1.5
Axes           | 3 |  3.2
Fighting       | |  3.6
Dodging        | |  2.6
Stealth        | |  1.7

Action                   || total
-------------------------++-------
Melee: Hand axe          ||    34
       Spear             ||    92
       Kick              ||     7
  Use: Scroll            ||     1
       Potion            ||     1
  Eat: Chunk             ||     1
Armor: Robe              ||     9
       Chain mail        ||    87
Dodge: Dodged            ||    94

Table legend:
 A = Spawn XP
 B = Non-spawn XP
 C = Spawn XP percentage of total XP
 D = Spawn monster count
 E = Non-spawn monster count
 F = Spawn count percentage of total count
 G = Total turns spent on level
                    A         B        C        D         E        F      G
               +---------+---------+-------+---------+---------+-------+---------
         Total |       0 |      72 |   0.0 |       0 |      31 |   0.0 |  1171
               +---------+---------+-------+---------+---------+-------+---------
           D:1 |       0 |      44 |   0.0 |       0 |      21 |   0.0 |   924
           D:2 |       0 |      28 |   0.0 |       0 |      10 |   0.0 |   247
               +---------+---------+-------+---------+---------+-------+---------
